 Dungeon Crawl Stone Soup version 0.20.1-1-g8b1a95d (webtiles) character file.

1403 homeworkjunkie the Cleaver (level 8, -5/71 HPs)
             Began as a Hill Orc Fighter on Nov 22, 2017.
             Slain by an orc warrior
             ... wielding a +0 mace
              (9 damage)
             ... on level 6 of the Dungeon.
             The game lasted 00:09:13 (4484 turns).

homeworkjunkie the Cleaver (Hill Orc Fighter)       Turns: 4484, Time: 00:09:13

Health: -5/71      AC: 11    Str: 20      XL:     8   Next: 69%
Magic:  8/8        EV:  8    Int:  8      God:
Gold:   331        SH: 10    Dex: 13 (15) Spells: 7/7 levels left

rFire    . . .     SeeInvis .   a - +2 war axe
rCold    . . .     Gourm    .   c - +0 shield
rNeg     . . .     Faith    .   b - +4 scale mail
rPois    +         Spirit   .   (no helmet)
rElec    .         Reflect  .   (no cloak)
rCorr    .         Harm     .   (no gloves)
MR       .....                  (no boots)
Stlth    ..........             m - amulet of regeneration
Regen    0.7/turn               v - +4 ring of dexterity
MPRegen  0.2/turn               i - ring of poison resistance

@: no status effects
A: no striking features
a: no special abilities


You were on level 6 of the Dungeon.
You were hungry.

You visited 2 branches of the dungeon, and saw 7 of its levels.

You collected 331 gold pieces.

Inventory:

Hand Weapons
 a - a +2 war axe (weapon)
Armour
 b - a +4 scale mail (worn)
 c - a +0 shield (worn)
Jewellery
 d - an uncursed ring of protection from fire
 i - a ring of poison resistance (right hand)
 m - an amulet of regeneration (around neck)
 p - a +1 ring of evasion
 v - a +4 ring of dexterity (left hand)
 y - an uncursed amulet of harm
Wands
 q - a wand of acid (6/15)
Scrolls
 h - 3 scrolls of remove curse
 k - a scroll of recharging
 l - a scroll of teleportation
Potions
 g - a potion of resistance
 n - a potion of heal wounds {unknown}
 o - 2 potions of agility
 t - a potion of haste {unknown}
 x - 2 potions of flight
Comestibles
 f - 2 bread rations
 r - 8 fruits
 s - 6 royal jellies
 u - a meat ration


   Skills:
 * Level 6.4 Fighting
 * Level 9.0 Axes
 * Level 5.6 Armour
 + Level 1.2 Dodging
 * Level 6.0 Shields
 * Level 1.1 Evocations


You had 7 spell levels left.
You didn't know any spells.

Dungeon Overview and Level Annotations

Branches:
Dungeon (6/15)             Temple (1/1) D:6

Altars:
Ashenzari
Elyvilon
Gozag
Hepliaklqana
Kikubaaqudgha
Makhleb
Nemelex Xobeh
Qazlal
Ru
Sif Muna
Trog
Uskayaw
Vehumet
Xom
Zin
The Shining One

Shops:
D:4 =


Message History

The orc warrior is moderately wounded.
You block the orc warrior's attack.
You slash the orc warrior!
The orc warrior is severely wounded.
The orc warrior hits you but does no damage.
You closely miss the orc warrior.
The orc warrior is severely wounded.
The orc warrior hits you with a mace!
* * * LOW HITPOINT WARNING * * *
You hit the orc warrior but do no damage.
The orc warrior is severely wounded.
The orc warrior hits you with a mace!
* * * LOW HITPOINT WARNING * * *
Your shield and scale mail prevent you from hitting the orc warrior.
The orc warrior is severely wounded.
You block the orc warrior's attack.
You hit the orc warrior but do no damage.
The orc warrior is severely wounded.
The orc warrior hits you with a mace!
You die...

#. # #.# ##. ..####.#
.### #####. ..#..###...#
....# #.....#.... # .
###..# #........#
#...##....# ##......###
.#..o@))####......##..
#...†....#....#..##...
..............####..#...
.....#####...## ##..#..
#..## #...## ##.#.. #.
#....# #..#. # .....##..
##... ....# #... #...
..... #..#. #..#


You could see an orc warrior.

Vanquished Creatures
  Eustachio (D:6)
  Menkaure (D:4)
  An orc warrior (D:5)
  A sky beast (D:5)
  A phantom (D:4)
  A howler monkey (D:4)
  A bullfrog zombie (D:6)
  A quasit (D:6)
  A gnoll shaman (D:6)
  3 orc priests
  3 hounds
  2 worker ants
  An iguana (D:4)
  6 orc wizards
  2 hound skeletons
  8 gnolls
  A howler monkey skeleton (D:6)
  5 adders
  2 shadow imps
  6 worms
  3 dart slugs (D:1)
  2 leopard geckos (D:3)
  21 orcs
  4 ball pythons
  2 giant cockroaches
  4 goblins
  7 hobgoblins
  16 jackals
  4 quokkas
  4 bats
  3 frilled lizards
  5 kobolds
  7 rats
130 creatures vanquished.

Notes
Turn   | Place    | Note
-------+----------+-------------------------------------------
     0 | D:1      | homeworkjunkie the Hill Orc Fighter began the quest for the Orb.
     0 | D:1      | Reached XP level 1. HP: 19/19 MP: 1/1
   239 | D:2      | Found a glowing golden altar of the Shining One.
   252 | D:3      | Noticed an orc wizard
   257 | D:2      | Reached XP level 2. HP: 23/27 MP: 2/2
   521 | D:2      | Found a sacrificial altar of Ru.
   616 | D:1      | Reached XP level 3. HP: 30/33 MP: 3/3
   655 | D:1      | Reached skill level 3 in Axes
  1318 | D:3      | Reached XP level 4. HP: 37/40 MP: 4/4
  1324 | D:3      | Found a sparkling altar of Nemelex Xobeh.
  1538 | D:3      | Reached skill level 4 in Axes
  1538 | D:3      | Reached XP level 5. HP: 37/47 MP: 5/5
  1891 | D:3      | Reached skill level 5 in Axes
  1891 | D:3      | Reached XP level 6. HP: 54/55 MP: 6/6
  2306 | D:4      | Reached skill level 5 in Fighting
  2338 | D:4      | Noticed a phantom
  2352 | D:4      | Killed a phantom
  2425 | D:4      | Reached skill level 6 in Axes
  2478 | D:4      | Reached XP level 7. HP: 61/61 MP: 7/7
  2482 | D:5      | Entered Level 5 of the Dungeon
  2649 | D:4      | Reached skill level 5 in Shields
  2681 | D:4      | Found a shattered altar of Ashenzari.
  2850 | D:4      | Found Feney's Jewellery Emporium.
  2933 | D:4      | Noticed Menkaure
  2940 | D:4      | Killed Menkaure
  2940 | D:4      | Reached skill level 7 in Axes
  3023 | D:4      | Found a deep blue altar of Sif Muna.
  3391 | D:5      | Reached XP level 8. HP: 65/70 MP: 8/8
  3425 | D:5      | Reached skill level 5 in Armour
  3537 | D:6      | Reached skill level 8 in Axes
  3629 | D:5      | Reached skill level 1 in Dodging
  3941 | D:5      | Found a bloodstained altar of Trog.
  4173 | D:6      | Found a staircase to the Ecumenical Temple.
  4182 | Temple   | Entered the Ecumenical Temple
  4394 | D:6      | Found a hide-covered altar of Uskayaw.
  4431 | D:6      | Noticed Eustachio
  4461 | D:6      | Killed Eustachio
  4461 | D:6      | Reached skill level 9 in Axes
  4461 | D:6      | Reached skill level 1 in Evocations
  4482 | D:6      | HP: 3/71 [orc warrior/mace (10)]
  4484 | D:6      | Slain by an orc warrior

Skill      XL: |  1  2  3  4  5  6  7  8 |
---------------+-------------------------+-----
Fighting       | 4 5 6 |  6.4
Axes           | 3 4 5 6 7 9 |  9.0
Shields        | 4 5 6 |  6.0
Armour         | 4 5 |  5.6
Dodging        | 1 |  1.2
Evocations     | 1 |  1.1

Action                   |  1- 3 |  4- 6 |  7- 9 || total
-------------------------+-------+-------+-------++-------
Melee: War axe           |   107 |   122 |   200 ||   429
  Use: Scroll            |     5 |     7 |     8 ||    20
       Potion            |       |     2 |     1 ||     3
  Eat: Bread ration      |     1 |       |       ||     1
       Royal jelly       |     1 |       |       ||     1
       Meat ration       |       |       |     1 ||     1
Armor: Scale mail        |    37 |    58 |   111 ||   206
Dodge: Dodged            |    27 |    34 |    78 ||   139
Block: Shield            |    55 |    66 |   129 ||   250
